[Event "Team 45 45 League T33"]
[Site "Internet Chess Club"]
[Date "2007.05.19"]
[Round "5"]
[White "Avedldesierto"]
[Black "Benaque"]
[Result "0-1"]
[WhiteElo "1644"]
[BlackElo "1411"]
[ECO "B01"]
[TimeControl "2700+45"]

1. e4 d5 2. exd5 Qxd5 3. Nc3 Qa5 4. Nf3 Nf6 5. Be2 Bf5 6. O-O e6 7. d4 c6 8. Bf4
Nbd7 9. Nh4 Be7 10. d5 Nxd5 11. Nxf5 exf5 12. Nxd5 cxd5 13. Qd3 g6 14. Rfd1 O-O
15. Qxd5 Qxd5 16. Rxd5 Nf6 17. Rb5 b6 18. Re1 Bc5 19. Bd3 Rfe8 20. Be3 Ng4 21.
Rxc5 bxc5 22. h3 Nxe3 23. fxe3 Re5 24. Kf2 Rae8 25. Re2 g5 26. Kf3 h5 27. e4 f4
28. h4 f6 29. b3 Rd8 30. a4 a5 31. Bc4+ Kg7 32. Bd5 Kh6 33. Rd2 f5 34. Rd3 fxe4+
35. Bxe4 Rxd3+ 36. cxd3 Re8 37. hxg5+ Kxg5 38. Kf2 h4 39. Kf3 Rh8 40. Kf2 h3 41.
gxh3 Rxh3 42. Kg2 Rg3+ 43. Kf2 Kg4 44. Bh7 f3 45. Be4 Rg2+ 46. Kf1 Kg3 47. Bd5
Rd2 48. Be4 Rd1# {White checkmated} 0-1

[Event "Team 45 45 League T33"]
[Site "Internet Chess Club"]
[Date "2007.05.20"]
[Round "5"]
[White "drflounder"]
[Black "isolani"]
[Result "1/2-1/2"]
[WhiteElo "1774"]
[BlackElo "1662"]
[ECO "B07"]
[TimeControl "2700+45"]

1. e4 d6 2. d4 Nf6 3. Nc3 c6 4. f4 Qa5 5. e5 dxe5 6. dxe5 Ne4 7. Qf3 Bf5 8. Bd3
Nxc3 9. Bd2 Bxd3 10. Bxc3 Qd5 11. Qxd5 cxd5 12. cxd3 e6 13. Nf3 Nc6 14. Ke2 Bc5
15. d4 Be7 16. g4 f6 17. f5 O-O 18. fxe6 fxe5 19. Nxe5 Nd8 20. Rhf1 Nxe6 21.
Rac1 Bg5 22. Rxf8+ Rxf8 23. Rf1 Rxf1 {Game drawn by mutual agreement} 1/2-1/2

[Event "Team 45 45 League T33"]
[Site "Internet Chess Club"]
[Date "2007.05.19"]
[Round "5"]
[White "Zebbile"]
[Black "mitus"]
[Result "1-0"]
[WhiteElo "2084"]
[BlackElo "1864"]
[ECO "D38"]
[TimeControl "2700+45"]

1. Nf3 Nf6 2. d4 e6 3. Bg5 d5 4. c4 Bb4+ 5. Nc3 O-O 6. e3 Nbd7 7. cxd5 exd5 8.
Bd3 h6 9. Bh4 g5 10. Bg3 Ne4 11. Qc2 Ndf6 12. O-O Bf5 13. Be5 Bxc3 14. bxc3 Ng4
15. c4 c6 16. Rab1 b6 17. h3 Nxe5 18. Nxe5 Qd6 19. f3 Ng3 20. Bxf5 Nxf1 21. Rxf1
Rfe8 22. f4 dxc4 23. fxg5 Rxe5 24. dxe5 Qxe5 25. gxh6 Qxe3+ 26. Kh1 Qxh6 27.
Qxc4 Rd8 28. Be4 Qh5 29. Qxc6 Rd1 30. Rxd1 Qxd1+ 31. Kh2 Qd4 32. Qd5 Qf6 33. g3
Qf2+ 34. Bg2 Kg7 35. h4 Qc2 36. Qe5+ Kh7 37. Qe4+ Qxe4 38. Bxe4+ Kh6 39. g4 f6
40. Kg3 Kg7 41. Kf4 {Black resigns} 1-0

[Event "Team 45 45 League T33"]
[Site "Internet Chess Club"]
[Date "2007.05.20"]
[Round "5"]
[White "PiedraBuena"]
[Black "Warpdrive"]
[Result "0-1"]
[WhiteElo "1802"]
[BlackElo "1623"]
[ECO "A16"]
[TimeControl "2700+45"]

1. c4 Nf6 2. Nc3 g6 3. e4 e5 4. d3 Bc5 5. Be2 Nc6 6. Nf3 d6 7. O-O Be6 8. Bg5 h6
9. Be3 Ng4 10. Bxc5 dxc5 11. Nd5 O-O 12. Nd2 f5 13. exf5 gxf5 14. Bxg4 fxg4 15.
Ne4 b6 16. Ne3 Qh4 17. Ng3 Rad8 18. a3 Nd4 19. b4 Rd7 20. bxc5 bxc5 21. Ne4 Rdf7
22. Ra2 Rf3 23. g3 Qh3 24. Nd2 R3f7 25. Nc2 Rf5 26. f3 gxf3 27. Rf2 Ne2+ 28.
Rxe2 f2+ 29. Rxf2 Rxf2 30. Ne3 {White resigns} 0-1

[Event "Team 45 45 League T33"]
[Site "Internet Chess Club"]
[Date "2007.05.19"]
[Round "5"]
[White "Freidenker"]
[Black "fantanaranja"]
[Result "1/2-1/2"]
[WhiteElo "1628"]
[BlackElo "1715"]
[ECO "A13"]
[TimeControl "2700+45"]

1. Nf3 Nf6 2. c4 e6 3. g3 d5 4. Bg2 c6 5. b3 Bd6 6. O-O O-O 7. Bb2 Nbd7 8. d4
Ne4 9. Nbd2 f5 10. Qc2 Ndf6 11. Ne5 Qe8 12. Nxe4 fxe4 13. f3 exf3 14. exf3 c5
15. f4 b6 16. Rad1 Ba6 17. Rfe1 Rd8 18. Bh3 Bc8 19. dxc5 Bxc5+ 20. Bd4 Qh5 21.
Bxc5 bxc5 22. Bg2 Bb7 23. Qd2 Rc8 24. Qa5 Ba8 25. cxd5 Bxd5 26. Bxd5 exd5 27.
Qxa7 Ra8 28. Qxc5 Rxa2 29. h4 Rb8 30. Rxd5 h6 31. Rd3 Qf5 32. b4 Kh7 33. Qc4
Rba8 34. Qc6 Ra1 35. Rdd1 R1a2 36. Re3 R8a4 37. Rb3 Qh3 38. Qh1 Qe6 39. Qf3 Qh3
40. Rdb1 Qh2+ 41. Kf1 Qh3+ 42. Ke1 Qh2 43. Qd3+ Kh8 44. Nf7+ {Game drawn by
mutual agreement} 1/2-1/2

[Event "Team 45 45 League T33"]
[Site "Internet Chess Club"]
[Date "2007.05.16"]
[Round "5"]
[White "chipionero"]
[Black "hondocando"]
[Result "1-0"]
[WhiteElo "1686"]
[BlackElo "1579"]
[ECO "E10"]
[TimeControl "2700+45"]

1. d4 Nf6 2. Nf3 e6 3. c4 d5 4. e3 b6 5. g3 Bb7 6. Bg2 Bb4+ 7. Bd2 Bxd2+ 8.
Nbxd2 O-O 9. O-O Nbd7 10. Qc2 Rc8 11. cxd5 exd5 12. Nb3 Ne4 13. Nfd2 f5 14. Nxe4
fxe4 15. Rad1 Qf6 16. Nc1 c5 17. dxc5 Rxc5 18. Qa4 Qc6 19. Qxc6 Bxc6 20. Nb3 Rc2
21. Nd4 Rc5 22. Nxc6 Rxc6 23. Rxd5 Nf6 24. Rd2 Rfc8 25. Rfd1 Rc1 26. Rd8+ Rxd8
27. Rxc1 Rd2 28. Rc8+ Kf7 29. Rc7+ Kg6 30. Rxa7 Rxb2 31. h3 h5 32. Rb7 b5 33. a4
b4 34. a5 b3 35. a6 Rb1+ 36. Bf1 b2 37. a7 Ra1 38. Rxb2 Rxa7 39. Be2 Re7 40. Rb6
Rf7 41. Bb5 Re7 42. Kf1 Kg5 43. h4+ Kg4 44. Be2+ Kh3 45. Rb5 g6 46. Rg5 Rc7 47.
Kg1 Rg7 48. Bf1# {Black checkmated} 1-0

[Event "Team 45 45 League T33"]
[Site "Internet Chess Club"]
[Date "2007.05.20"]
[Round "5"]
[White "RisingMercury"]
[Black "Bug"]
[Result "1-0"]
[WhiteElo "2013"]
[BlackElo "2097"]
[ECO "C06"]
[TimeControl "2700+45"]

1. e4 e6 2. d4 d5 3. Nd2 Nf6 4. e5 Nfd7 5. Bd3 c5 6. c3 Nc6 7. Ne2 cxd4 8. cxd4
f6 9. exf6 Nxf6 10. Nf3 Bd6 11. O-O Qc7 12. h3 O-O 13. Be3 Bd7 14. Rc1 Be8 15.
Ng5 Qe7 16. f4 a6 17. a3 Na7 18. Nc3 Rc8 19. Qe1 Bc7 20. Qh4 h6 21. Nf3 Nc6 22.
b4 Bb6 23. Na4 Ba7 24. Nc5 Bb8 25. g4 Ne4 26. Qxe7 Nxe7 27. Nxe6 Rxc1 28. Rxc1
Rf6 29. Nc7 Bc6 30. b5 axb5 31. Nxb5 Bxf4 32. Bxf4 Rxf4 33. Ne5 Ng5 34. Kg2 Ne6
35. Re1 Bxb5 36. Bxb5 Nxd4 37. Bd3 g5 38. Rb1 b5 39. Bxb5 Nxb5 40. Rxb5 Ra4 41.
Rb7 Kf8 42. Rb6 d4 43. Rxh6 Nd5 44. Nf3 d3 45. Rd6 Nf4+ 46. Kg3 Rxa3 47. Nxg5
Ne2+ 48. Kf2 Nc1 49. Ke3 Ra2 50. Ne4 Re2+ 51. Kf3 Rh2 52. Nf2 Ne2 53. Rxd3 Nf4
54. Kxf4 Rxf2+ {Black resigns} 1-0

[Event "Team 45 45 League T33"]
[Site "Internet Chess Club"]
[Date "2007.05.20"]
[Round "5"]
[White "gracey"]
[Black "SuperMathBoy"]
[Result "1-0"]
[WhiteElo "2142"]
[BlackElo "2046"]
[ECO "B50"]
[TimeControl "2700+45"]

1. e4 c5 2. Nf3 d6 3. c3 Nf6 4. Bc4 Nbd7 5. Qb3 e6 6. d3 Ne5 7. Nxe5 dxe5 8. f4
Nd7 9. f5 Nf6 10. fxe6 fxe6 11. O-O Qd6 12. Bg5 Be7 13. Bb5+ Bd7 14. Nd2 c4 15.
Bxd7+ Nxd7 16. Nxc4 Qc5+ 17. Be3 Qc7 18. Qa4 Bc5 19. Bxc5 Qxc5+ 20. Rf2 Rf8 21.
Rf1 O-O-O 22. b4 Qc7 23. Rxf8 Nxf8 24. Qxa7 Nd7 25. Rf7 Re8 26. Qa8+ Qb8 27.
Nd6+ {Black resigns} 1-0

[Event "Team 45 45 League T33"]
[Site "Internet Chess Club"]
[Date "2007.05.21"]
[Round "5"]
[White "jcdios"]
[Black "morgado"]
[Result "0-1"]
[WhiteElo "1921"]
[BlackElo "1946"]
[ECO "D31"]
[TimeControl "2700+45"]

1. d4 d5 2. c4 e6 3. Nc3 f5 4. cxd5 exd5 5. g3 Nf6 6. Bg2 c6 7. Nf3 Bd6 8. Qc2
O-O 9. e3 Qe8 10. O-O Ne4 11. Nd2 Qh5 12. Ndxe4 fxe4 13. Ne2 g5 14. Nc3 Na6 15.
Qb3 Kh8 16. Nxd5 Be6 17. Nf4 Bxb3 18. Nxh5 Bc4 19. Bxe4 Rae8 20. Bg2 Nb4 21. b3
Be2 22. Re1 Bxh5 23. Bd2 Nc2 24. Bc3 Nxe1 25. Rxe1 Bf3 26. Bf1 Bd5 27. Bd3 Be4
28. Be2 a5 29. Bb2 a4 30. Bc3 Ra8 31. d5+ Kg8 32. dxc6 bxc6 33. Rd1 Be7 34. Bc4+
Rf7 35. f3 Bxf3 36. Rd7 Bd5 37. Rxd5 cxd5 38. Bxd5 Rc8 39. Bd4 axb3 40. axb3 g4
41. Kg2 Rc2+ 42. Kg1 Kf8 43. Bxf7 Kxf7 44. Be5 Ke6 45. Bf4 Kd5 46. h3 gxh3 47.
Kh1 Ke4 48. b4 Bxb4 49. Bg5 Kf3 50. e4 Kxg3 51. e5 Re2 {White resigns} 0-1

[Event "Team 45 45 League T33"]
[Site "Internet Chess Club"]
[Date "2007.05.22"]
[Round "5"]
[White "ExiledSaint"]
[Black "qs16"]
[Result "0-1"]
[WhiteElo "1769"]
[BlackElo "1791"]
[ECO "B23"]
[TimeControl "2700+45"]

1. e4 c5 2. Nc3 Nc6 3. f4 g6 4. Nf3 Bg7 5. Bb5 Nd4 6. O-O Nxb5 7. Nxb5 d6 8. a4
a6 9. Nc3 Nf6 10. Qe1 O-O 11. d3 e6 12. e5 dxe5 13. fxe5 Ng4 14. h3 Nxe5 15. Ne4
Nxf3+ 16. Rxf3 b6 17. Qf1 Bb7 18. Bg5 Qd4+ 19. Kh1 Bxe4 20. dxe4 Qxe4 21. Rf4
Qxc2 22. Rh4 Qf5 23. Qc1 Bxb2 24. Qxb2 Qxg5 25. Rg4 Qd8 26. h4 h5 27. Rg5 Qd4
28. Qe2 Qxh4+ {White resigns} 0-1

[Event "Team 45 45 League T33"]
[Site "Internet Chess Club"]
[Date "2007.05.17"]
[Round "5"]
[White "Pawnster"]
[Black "SpikeyJ"]
[Result "1/2-1/2"]
[WhiteElo "2190"]
[BlackElo "2052"]
[ECO "D85"]
[TimeControl "2700+45"]

1. d4 Nf6 2. c4 g6 3. Nc3 d5 4. cxd5 Nxd5 5. e4 Nxc3 6. bxc3 Bg7 7. Nf3 c5 8.
Bb5+ Bd7 9. Rb1 Qa5 10. Bxd7+ Nxd7 11. O-O cxd4 12. cxd4 Rb8 13. Bf4 e5 14. dxe5
Nxe5 15. Qd5 Qxd5 16. exd5 Nxf3+ 17. gxf3 Kd7 18. Rfc1 Rhc8 19. Rxc8 Rxc8 20.
Rxb7+ Ke8 21. d6 Rd8 22. Re7+ Kf8 23. Rxa7 Bd4 24. Rc7 Bf6 25. a4 Ke8 26. a5 g5
27. Bg3 Ra8 28. d7+ Kd8 29. Rb7 Bd4 30. Bc7+ Kxd7 31. Bb6+ Kc6 32. Rxf7 Bxb6 33.
axb6 Kxb6 34. Rxh7 Kc6 35. Rg7 Ra5 36. Kg2 Kd6 37. Kg3 Ke6 38. f4 gxf4+ 39. Kxf4
Kf6 40. Rg8 Ra4+ 41. Kg3 Ra1 42. Rf8+ Kg7 43. Rf4 Rg1+ 44. Kh4 Rh1 45. h3 Kg6
46. Rf3 Rf1 47. Kg4 Kh6 48. h4 Rg1+ 49. Rg3 Ra1 50. f4 Ra7 51. f5 Ra4+ 52. Kh3
Kh5 53. Rg5+ Kh6 54. Kg3 Ra3+ 55. Kf4 Ra4+ 56. Ke5 Ra5+ 57. Ke6 Ra6+ 58. Kd5
Ra5+ 59. Kc6 Ra4 60. Rg6+ Kh5 61. Kd5 Ra5+ 62. Ke6 Ra6+ 63. Kf7 Ra7+ 64. Kg8 Ra5
65. Rf6 Kxh4 66. Rf8 Kg5 67. f6 Ra7 68. Rf7 Ra6 69. Kg7 Rb6 70. Rf8 Ra6 {Game
drawn by mutual agreement} 1/2-1/2

[Event "Team 45 45 League T33"]
[Site "Internet Chess Club"]
[Date "2007.05.20"]
[Round "5"]
[White "PoisonIvy"]
[Black "jayes"]
[Result "0-1"]
[WhiteElo "1842"]
[BlackElo "2072"]
[ECO "E60"]
[TimeControl "2700+45"]

1. d4 Nf6 2. Nf3 g6 3. c4 c5 4. d5 d6 5. Nc3 Bg7 6. e4 e6 7. Bd3 exd5 8. exd5
O-O 9. O-O a6 10. a4 Bg4 11. h3 Bxf3 12. Qxf3 Nbd7 13. Bg5 Ne5 14. Qe3 Re8 15.
Qd2 Qd7 16. a5 h6 17. Bxf6 Bxf6 18. f4 Nxd3 19. Qxd3 Bd4+ 20. Kh1 Re3 21. Qc2 f5
22. Rfe1 Rae8 23. Rxe3 Rxe3 24. Qd2 Qe7 25. Ra3 Re1+ 26. Kh2 Bg1+ 27. Kh1 Qh4
28. Qd3 Be3+ 29. Kh2 Qxf4+ 30. g3 Qf2# {White checkmated} 0-1

[Event "Team 45 45 League T33"]
[Site "Internet Chess Club"]
[Date "2007.05.21"]
[Round "5"]
[White "martineden"]
[Black "forketta"]
[Result "1/2-1/2"]
[WhiteElo "1986"]
[BlackElo "1956"]
[ECO "D43"]
[TimeControl "2700+45"]

1. d4 d5 2. c4 c6 3. Nf3 Nf6 4. Nc3 e6 5. Bg5 h6 6. Bh4 dxc4 7. e4 g5 8. Bg3 b5
9. Qc2 Bb7 10. Be2 Bg7 11. a4 a6 12. O-O Nbd7 13. Bd6 Bf8 14. Bxf8 Nxf8 15. Rad1
Ng6 16. e5 Nd5 17. Ne4 Qc7 18. h4 gxh4 19. Nd6+ Ke7 20. Nh2 Ngf4 21. Bf3 Rag8
22. Kh1 Rg5 23. Ne4 Rg7 24. Ng4 Qa5 25. Ngf6 Qb4 26. Nc5 Bc8 27. axb5 cxb5 28.
Rfe1 Nxf6 29. exf6+ Kxf6 30. Qc1 Nd5 31. Re4 Ke7 32. Rxh4 c3 33. bxc3 Qxc3 34.
Qb1 Nf6 35. Rd3 Qa5 36. Re3 Rg5 37. Nd3 Nd5 38. Nb4 Bb7 39. Bxd5 Rxd5 40. Nxd5+
Bxd5 41. Rh5 Kd7 {Game drawn by mutual agreement} 1/2-1/2

[Event "Team 45 45 League T33"]
[Site "Internet Chess Club"]
[Date "2007.05.20"]
[Round "5"]
[White "ddlj81"]
[Black "Boromir"]
[Result "1-0"]
[WhiteElo "2024"]
[BlackElo "1935"]
[ECO "B17"]
[TimeControl "2700+45"]

1. e4 c6 2. d4 d5 3. Nc3 dxe4 4. Nxe4 Nd7 5. Bc4 Ngf6 6. Ng5 e6 7. Qe2 Nb6 8.
Bd3 Bd6 9. N1f3 h6 10. Ne4 Nxe4 11. Qxe4 Nd7 12. O-O Qc7 13. Qg4 Kf8 14. Qe4 b6
15. Re1 Bb7 16. Ne5 c5 17. Qf4 Nxe5 18. dxe5 Be7 19. Be4 Rd8 20. Be3 Bxe4 21.
Qxe4 g6 22. h4 Kg7 23. g3 Rd5 24. c4 Rd7 25. Qf4 Qb7 26. Rad1 Rxd1 27. Rxd1 g5
28. Qg4 h5 29. Qe2 gxh4 30. gxh4 Kf8 31. Bg5 Bxg5 32. hxg5 Kg7 33. Rd6 h4 34.
Qg4 h3 35. f3 Qe7 36. g6 Rh4 37. Qg3 fxg6 38. b3 Rh5 39. Kh2 Qf7 40. f4 Kh6 41.
Qg4 Rf5 42. Rd3 Rxf4 43. Qxh3+ Kg5 44. Rg3+ {Black resigns} 1-0

[Event "Team 45 45 League T33"]
[Site "Internet Chess Club"]
[Date "2007.05.21"]
[Round "5"]
[White "Hastings"]
[Black "curtintime"]
[Result "1-0"]
[WhiteElo "1281"]
[BlackElo "1349"]
[ECO "C34"]
[TimeControl "2700+45"]

1. e4 e5 2. f4 exf4 3. Nf3 d6 4. Bc4 Nf6 5. Nc3 Be7 6. d4 Bg4 7. Bxf4 Nc6 8. O-O
Qd7 9. a3 h6 10. Qd3 g5 11. Bg3 Nh5 12. Bxf7+ Kd8 13. Bxh5 Bxh5 14. Nd5 Bf8 15.
Nf6 Qf7 16. Nxh5 Qxh5 17. Qb5 Rb8 18. Rad1 a6 19. Qf5 Bg7 20. c3 Ke7 21. e5 Rhf8
22. exd6+ cxd6 23. Qh7 Rf7 24. Qe4+ Kf8 25. Bxd6+ {Black resigns} 1-0

[Event "Team 45 45 League T33"]
[Site "Internet Chess Club"]
[Date "2007.05.21"]
[Round "5"]
[White "JustinZ"]
[Black "JimGaming"]
[Result "1-0"]
[WhiteElo "1318"]
[BlackElo "1274"]
[ECO "C67"]
[TimeControl "2700+45"]

1. e4 e5 2. Nf3 Nc6 3. Bb5 Nf6 4. O-O Nxe4 5. Bxc6 bxc6 6. Nxe5 Bd6 7. Re1 Bxe5
8. Rxe4 d6 9. d4 Bf5 10. Re1 O-O 11. dxe5 dxe5 12. Qxd8 Raxd8 13. Na3 Rfe8 14.
Be3 a5 15. c3 a4 16. Rad1 Bd3 17. Bc5 e4 18. Re3 Rd5 19. f3 Rxc5 20. Rdxd3 f5
21. fxe4 Kf7 22. exf5 Rxe3 23. Rxe3 Rxf5 24. Rf3 g6 25. Kf2 Ke6 26. Nc2 c5 27.
Ne3 Rf6 28. Rxf6+ Kxf6 29. Nd5+ Ke5 30. Nxc7 Ke4 31. Ke2 c4 32. Na8 h5 33. Nb6
g5 34. Nxc4 h4 35. h3 Kf4 36. Kf2 g4 37. hxg4 Kxg4 38. Nb6 h3 39. gxh3+ Kxh3 40.
c4 {Black resigns} 1-0

[Event "Team 45 45 League T33"]
[Site "Internet Chess Club"]
[Date "2007.05.22"]
[Round "5"]
[White "therookery"]
[Black "DaMelch"]
[Result "1-0"]
[WhiteElo "1309"]
[BlackElo "1307"]
[ECO "C11"]
[TimeControl "2700+45"]

1. e4 e6 2. d4 d5 3. Nc3 Nf6 4. Bg5 dxe4 5. Nxe4 Bd6 6. Bd3 O-O 7. Bxf6 gxf6 8.
Qg4+ Kh8 9. Nxd6 Qxd6 10. Nf3 Rg8 11. Qh3 Rg7 12. c3 e5 13. Qxc8+ Rg8 14. Qf5
Rg7 15. O-O exd4 16. Rfe1 {Black resigns} 1-0

[Event "Team 45 45 League T33"]
[Site "Internet Chess Club"]
[Date "2007.05.19"]
[Round "5"]
[White "slakkjaw"]
[Black "Cataclysm"]
[Result "1-0"]
[WhiteElo "1306"]
[BlackElo "1244"]
[ECO "A51"]
[TimeControl "2700+45"]

1. d4 Nf6 2. c4 e5 3. Nc3 exd4 4. Qxd4 Nc6 5. Qd1 Bc5 6. e3 d6 7. Nf3 Bg4 8. Be2
Bb4 9. Bd2 O-O 10. h3 Bh5 11. Qc2 Bxf3 12. gxf3 Ne5 13. f4 Ng6 14. O-O-O Qd7 15.
h4 Rfe8 16. h5 Ne7 17. Bd3 g6 18. Ne4 Bxd2+ 19. Rxd2 Nxe4 20. Bxe4 c6 21. h6 Kf8
22. Qc3 Nf5 23. Bxf5 Qxf5 24. Rxd6 Qc5 25. Qg7+ Ke7 26. Qf6+ Kf8 27. Kb1 Qxc4
28. f3 Rxe3 29. Rd7 Rae8 30. Qh8# {Black checkmated} 1-0

[Event "Team 45 45 League T33"]
[Site "Internet Chess Club"]
[Date "2007.05.20"]
[Round "5"]
[White "g8wrb"]
[Black "Mississippian"]
[Result "0-1"]
[WhiteElo "1277"]
[BlackElo "1438"]
[ECO "B07"]
[TimeControl "2700+45"]

1. e4 d6 2. d4 Nf6 3. Nc3 g6 4. h3 Bg7 5. Nf3 O-O 6. Bc4 h6 7. O-O c6 8. Bf4 b5
9. Bd3 Nbd7 10. a3 a5 11. Qd2 Kh7 12. Rfe1 Bb7 13. Qe3 Nh5 14. Bh2 Qb6 15. b3
Rfe8 16. Be2 e5 17. Rad1 exd4 18. Nxd4 Bxd4 19. Qxd4 Qxd4 20. Rxd4 d5 21. Bxh5
gxh5 22. Re3 Re6 23. Rf3 Rf8 24. Kf1 c5 25. exd5 cxd4 26. dxe6 Bxf3 27. gxf3
dxc3 28. exd7 Rd8 29. Be5 Rxd7 30. Bxc3 Rd1+ 31. Ke2 Rh1 32. Bxa5 Rxh3 33. Bc3
Kg6 34. a4 bxa4 35. bxa4 Rh4 36. a5 Ra4 37. Kf1 Kf5 38. Bd2 Ra2 39. Bxh6 Rxa5
40. Ke2 h4 41. Kf1 Ra6 42. Bg7 Rg6 43. Bf8 h3 44. Be7 h2 {White resigns} 0-1

[Event "Team 45 45 League T33"]
[Site "Internet Chess Club"]
[Date "2007.05.20"]
[Round "5"]
[White "wekabird"]
[Black "squeege"]
[Result "1-0"]
[WhiteElo "1257"]
[BlackElo "1136"]
[ECO "A20"]
[TimeControl "2700+45"]

1. c4 e5 2. e4 Nf6 3. Nc3 Bc5 4. h3 d6 5. Nf3 Nc6 6. a3 a5 7. Rb1 Be6 8. b3 Nd4
9. g3 c6 10. Bg2 O-O 11. O-O d5 12. exd5 cxd5 13. Nxe5 Rb8 14. cxd5 Nxd5 15. Ne4
Ba7 16. d3 Nc3 17. Nxc3 Qb6 18. Nd5 Rbd8 19. Nxb6 {Black resigns} 1-0

[Event "Team 45 45 League T33"]
[Site "Internet Chess Club"]
[Date "2007.05.20"]
[Round "5"]
[White "archae13"]
[Black "Riddari"]
[Result "0-1"]
[WhiteElo "1203"]
[BlackElo "1298"]
[ECO "B20"]
[TimeControl "2700+45"]

1. e4 c5 2. Bc4 d6 3. Nf3 e6 4. Nc3 Nc6 5. d4 cxd4 6. Nxd4 Nxd4 7. Qxd4 Nf6 8.
O-O Be7 9. e5 dxe5 10. Qxe5 O-O 11. Be3 Bd6 12. Qd4 Qc7 13. g3 a6 14. Ne4 Be5
15. Nxf6+ Bxf6 16. Qe4 b5 17. Bd3 g6 18. Bh6 Rd8 19. Rad1 Bb7 20. Qf4 Qxf4 21.
gxf4 Bxb2 22. f5 exf5 23. Bg5 Re8 24. Rfe1 Rxe1+ 25. Rxe1 Bd5 26. Re5 Bxe5 27.
f4 Bd4+ 28. Kf1 Bc4 29. Bxc4 bxc4 30. Ke2 Rb8 31. Be7 Rb2 32. Bd6 Rxa2 33. Be5
Bxe5 34. fxe5 Rxc2+ 35. Ke3 a5 36. Kd4 a4 37. Kd5 a3 38. e6 fxe6+ 39. Kxe6 a2
40. Kf6 a1=Q+ 41. Kg5 Rf2 42. h4 Qg1+ 43. Kh6 f4 44. h5 Qc1 45. hxg6 f3+ 46. Kh5
hxg6+ 47. Kxg6 Qf4 48. Kh5 Qg3 49. Kh6 Rh2# {White checkmated} 0-1

[Event "Team 45 45 League T33"]
[Site "Internet Chess Club"]
[Date "2007.05.20"]
[Round "5"]
[White "BeginnerBoy"]
[Black "Mutaant"]
[Result "1/2-1/2"]
[WhiteElo "1477"]
[BlackElo "1444"]
[ECO "C50"]
[TimeControl "2700+45"]

1. e4 e5 2. Nf3 Nc6 3. Bc4 h6 4. d4 exd4 5. Nxd4 Qf6 6. c3 Bc5 7. Be3 Nge7 8.
O-O O-O 9. Nd2 Nxd4 10. cxd4 Bxd4 11. Bxd4 Qxd4 12. Rb1 d6 13. Qc2 Be6 14. Nf3
Qc5 15. Rbc1 Bxc4 16. Qxc4 Qxc4 17. Rxc4 Rac8 18. Rd1 Nc6 19. Rd5 Rfe8 20. h3 a6
21. g4 Re7 22. g5 hxg5 23. Rxg5 Ne5 24. Nxe5 Rxe5 25. Rxe5 dxe5 26. Kf1 b5 27.
Rc5 f6 28. Ke2 Kf7 29. b4 c6 30. a3 Ke6 31. a4 Kd6 32. Rc3 bxa4 33. Ra3 c5 34.
Rxa4 cxb4 35. Rxb4 Rc5 36. Rb6+ Rc6 37. Rb7 Rc7 38. Rb6+ Rc6 39. Rb7 Rc7 40.
Rb6+ Rc6 {Game drawn by repetition} 1/2-1/2

[Event "Team 45 45 League T33"]
[Site "Internet Chess Club"]
[Date "2007.05.18"]
[Round "5"]
[White "seldredg"]
[Black "BosqueVerde"]
[Result "1-0"]
[WhiteElo "1419"]
[BlackElo "1157"]
[ECO "D00"]
[TimeControl "2700+45"]

1. d4 d5 2. e3 Nf6 3. Bd3 e6 4. Nh3 c5 5. c3 Nc6 6. f4 c4 7. Bc2 Bd6 8. Nd2 b5
9. Nf3 Bd7 10. Ne5 Bc8 11. Nxc6 Qc7 12. Ne5 Ne4 13. Qf3 f6 14. Ng4 Bb7 15. Ngf2
f5 16. Ng5 Nxg5 17. fxg5 O-O-O 18. Nh3 g6 19. Nf4 e5 20. Ne6 Qe7 21. Nxd8 Rxd8
22. b3 exd4 23. cxd4 Re8 24. O-O Qxg5 25. Bxf5+ Kc7 26. Bh3 Rf8 27. Qe2 Re8 28.
Bd2 b4 29. e4 c3 30. Bxg5 Rxe4 31. Rf7+ Kb6 32. Bd8+ {Black resigns} 1-0

[Event "Team 45 45 League T33"]
[Site "Internet Chess Club"]
[Date "2007.05.19"]
[Round "5"]
[White "Prop"]
[Black "thalamus"]
[Result "0-1"]
[WhiteElo "1204"]
[BlackElo "1360"]
[ECO "C55"]
[TimeControl "2700+45"]

1. e4 e5 2. Nf3 Nc6 3. Bc4 Nf6 4. Nc3 Nxe4 5. Nxe4 d5 6. Bd3 dxe4 7. Bxe4 Bg4 8.
O-O Bc5 9. c4 O-O 10. Qb3 Nd4 11. Nxd4 Bxd4 12. Qxb7 Rb8 13. Qa6 Qh4 14. Rb1 Be2
15. g3 Qxe4 16. d3 Qf3 17. Be3 Bxf1 18. Rxf1 Rxb2 19. Bxd4 exd4 20. Qxa7 Qxd3
21. Qxc7 Rxa2 22. c5 Rc2 23. Qd6 Qc3 24. c6 d3 25. c7 d2 26. Qd8 Qxc7 27. Qxc7
Rxc7 28. Rd1 Rc1 29. Kg2 Rxd1 {White resigns} 0-1

[Event "Team 45 45 League T33"]
[Site "Internet Chess Club"]
[Date "2007.05.21"]
[Round "5"]
[White "gilalva"]
[Black "supraholic"]
[Result "1-0"]
[WhiteElo "1145"]
[BlackElo "1020"]
[ECO "C30"]
[TimeControl "2700+45"]

1. e4 e5 2. f4 Nc6 3. Nf3 d6 4. Bc4 Nf6 5. Nc3 Be7 6. fxe5 dxe5 7. O-O Bg4 8. h3
Bxh3 9. gxh3 Bc5+ 10. Kh1 Nxe4 11. Bxf7+ Ke7 12. Nd5+ Kd6 13. Ne3 Ng3+ 14. Kg2
Nxf1 15. Nxf1 Nd4 16. c3 Nxf3 17. Qxf3 Qg5+ 18. Ng3 g6 19. d4 Bb6 20. Bxg5 c6
21. Qf6+ Kc7 22. Qxe5+ Kd7 23. Be6+ {Black resigns} 1-0

[Event "Team 45 45 League T33"]
[Site "Internet Chess Club"]
[Date "2007.05.17"]
[Round "5"]
[White "strudel"]
[Black "klt713"]
[Result "0-1"]
[WhiteElo "1378"]
[BlackElo "1326"]
[ECO "B40"]
[TimeControl "2700+45"]

1. e4 c5 2. Nf3 e6 3. Be2 Nc6 4. O-O Bd6 5. d4 cxd4 6. Nxd4 a6 7. Be3 Qc7 8. f4
e5 9. Nxc6 bxc6 10. f5 Nf6 11. Nc3 O-O 12. Kh1 Bb7 13. Bg5 Be7 14. Bf3 Rad8 15.
Qe2 d5 16. Rad1 d4 17. Nb1 c5 18. c3 Rd6 19. c4 h6 20. Bh4 d3 21. Rxd3 Rxd3 22.
Qxd3 Rd8 23. Qc2 Bc6 24. Nc3 Qb7 25. Re1 Nxe4 26. Bxe7 Rd2 27. Qb3 Qxe7 28. Bxe4
Qh4 29. Rg1 Bxe4 30. Nxe4 Qxe4 31. Qc3 Rd4 32. b3 Qxf5 33. Qa5 Rf4 34. Qxc5 Rh4
35. h3 Rxh3+ 36. gxh3 Qxh3# {White checkmated} 0-1

[Event "Team 45 45 League T33"]
[Site "Internet Chess Club"]
[Date "2007.05.18"]
[Round "5"]
[White "fabill"]
[Black "SeniorCitizen"]
[Result "0-1"]
[WhiteElo "1149"]
[BlackElo "1276"]
[ECO "C11"]
[TimeControl "2700+45"]

1. d4 d5 2. Nc3 e6 3. e4 Nf6 4. Bd3 Bb4 5. Bd2 Nc6 6. Be3 O-O 7. Ne2 dxe4 8. Bc4
Nd5 9. Bxd5 exd5 10. a3 Bxc3+ 11. Nxc3 b6 12. Qh5 Qf6 13. Nxd5 Qg6 14. Qxg6 fxg6
15. Nxc7 Rb8 16. Nd5 Bb7 17. Nc3 Rbd8 18. O-O-O Ne7 19. Bg5 Rd7 20. Rhg1 Rxf2
21. Be3 Rf7 22. Ne2 Nd5 23. Bf2 Rxf2 24. Ng3 Ne3 25. Rd2 Rxd2 26. Kxd2 Nc4+ 27.
Kc3 Ne3 28. b3 Rc7+ 29. Kd2 Nxc2 30. Rc1 e3+ 31. Kd1 Bxg2 32. Rxc2 Rxc2 33. Kxc2
Bf3 34. Kd3 Kf8 35. Kxe3 Bd5 36. b4 Kf7 37. Kf4 Kf6 38. Ne4+ Bxe4 39. Kxe4 Ke6
40. h3 h6 41. h4 h5 42. Kf4 Kd5 43. Kg5 Kxd4 44. Kxg6 Ke4 45. Kxh5 Kf5 46. b5
Kf6 47. Kg4 g6 48. Kf4 Ke6 49. Kg5 Kf7 50. h5 gxh5 51. Kxh5 Ke6 52. Kg6 Kd6 53.
Kf6 Kc5 54. Ke6 Kxb5 55. Kd6 a6 56. Kc7 Kc5 57. Kb7 a5 58. Ka6 a4 59. Ka7 b5 60.
Ka6 b4 61. axb4+ Kxb4 {White resigns} 0-1

[Event "Team 45 45 League T33"]
[Site "Internet Chess Club"]
[Date "2007.05.21"]
[Round "5"]
[White "ADIOKiddo4Ever"]
[Black "ffplayer"]
[Result "1-0"]
[WhiteElo "1387"]
[BlackElo "1110"]
[ECO "C02"]
[TimeControl "2700+45"]

1. e4 e6 2. d4 d5 3. e5 Nc6 4. Nf3 Bb4+ 5. c3 Ba5 6. b4 Bb6 7. g3 Nge7 8. Bg2 a6
9. O-O O-O 10. h4 f6 11. Re1 f5 12. Nh2 Ng6 13. h5 Nge7 14. h6 g6 15. Bg5 Ba7
16. Qd2 b5 17. Bf6 Qd7 18. Qg5 Re8 19. Bg7 Nd8 20. Qf6 Nec6 21. Nf3 Re7 22. Qf8#
{Black checkmated} 1-0

[Event "Team 45 45 League T33"]
[Site "Internet Chess Club"]
[Date "2007.05.17"]
[Round "5"]
[White "DayDream01"]
[Black "furrbrain"]
[Result "0-1"]
[WhiteElo "1081"]
[BlackElo "1195"]
[ECO "E46"]
[TimeControl "2700+45"]

1. d4 e6 2. c4 Nf6 3. e3 Bb4+ 4. Nc3 O-O 5. Bd2 c5 6. a3 Ba5 7. Nf3 d6 8. e4 Nc6
9. Bc1 Nxe4 10. Qc2 cxd4 11. Qxe4 dxc3 12. bxc3 Bxc3+ 13. Bd2 Bxa1 14. Ng5 g6
15. Nf3 Bg7 16. Bd3 f5 17. Qe2 Qf6 18. O-O Nd4 19. Qd1 b6 20. Bc3 Nxf3+ 21. Qxf3
Qxc3 22. Qxa8 Qxd3 23. Qxa7 Qxc4 24. Qxb6 Ba6 25. Re1 Bc3 26. Rc1 Qe2 27. Qc6
Bd4 28. h3 Be5 29. Kh1 Rc8 30. Qxc8+ Bxc8 31. Rg1 Qxf2 {White resigns} 0-1